 Dungeon Crawl Stone Soup version 0.28-a0-1130-gc51a68064b (webtiles) character file.

Game seed: 11214350384757242094

1204 ytrimaz the Insei (level 8, -1/52 HPs)
             Began as an Octopode Transmuter on Dec 12, 2021.
             Was an Initiate of Ashenzari.
             Slain by a bullfrog zombie (6 damage)
             ... on level 6 of the Dungeon.
             The game lasted 00:09:50 (7660 turns).

ytrimaz the Insei (Octopode Transmuter)             Turns: 7660, Time: 00:09:52

Health: -1/52      AC: -2    Str:  9 (10) XL:     8   Next: 45%
Magic:  0/15       EV: 19    Int: 16 (17) God:    Ashenzari [......]
Gold:   262        SH:  0    Dex: 15 (17) Spells: 7/17 levels left

rFire   . . .      SeeInvis .     - Unarmed
rCold   . . .      Faith    .   (shield currently unavailable)
rNeg    . . .      Spirit   +   (helmet currently unavailable)
rPois   x          Reflect  .   b - amulet "Ruined Together" {Spirit, Alch, Elem} (curse)
rElec   .          Harm     .   (no ring)
rCorr   .          Rampage  .   (no ring)
Will    .....                   (no ring)
Stlth   +.........              (no ring)
HPRegen 0.17/turn               (no ring)
MPRegen 0.14/turn               (no ring)
                                (no ring)
                                (no ring)

@: spider-form (expiring), wereblooded, corroded, very slightly contaminated
A: venomous fangs, almost no armour, (amphibious), 8 rings, tiny, (camouflage
1), (gelatinous body 1), (nimble swimmer 1), (tentacles)
a: End Transformation, Renounce Religion, Curse Item, Shatter the Chains


You were on level 6 of the Dungeon.
You worshipped Ashenzari.
Ashenzari was noncommittal.
You were a venomous arachnid creature.
You visited 1 branch of the dungeon, and saw 6 of its levels.

You collected 262 gold pieces.

Inventory:

Jewellery
 b - the cursed amulet "Ruined Together" (around neck) {Spirit, Alch, Elem}
   (You found it on level 1 of the Dungeon)

   [amulet of guardian spirit]

   It causes incoming damage to be divided between your reserves of health and
   magic.
   It has a curse which improves the following skills: Alchemy: Poison Magic and
   Transmutations.
   Elements:  Fire Magic, Ice Magic, Air Magic and Earth Magic.
Potions
 c - 2 potions of might
 d - a potion of attraction {unknown}
 e - a potion of magic
 g - 3 potions of brilliance
 h - a potion of flight {unknown}
 i - a potion of ambrosia {unknown}


   Skills:
 * Level 3.5 Fighting
 - Level 2.0 Dodging
 + Level 5.8 Unarmed Combat
 * Level 5.3 Spellcasting
 * Level 5.1(5.6) Transmutations
 + Level 0.4(0.7) Ice Magic
 + Level 2.0(2.4) Poison Magic


You had 7 spell levels left.
You knew the following spells:

 Your Spells              Type           Power      Damage    Failure   Level
a - Beastly Appendage     Tmut           44%        N/A       6%          1
b - Wereblood             Tmut           22%        N/A       9%          2
c - Spider Form           Tmut/Pois      17%        N/A       22%         3
d - Ice Form              Ice/Tmut       14%        N/A       58%         4

Your spell library contained the following spells:

 Spells                   Type           Power      Damage    Failure   Level
 Passwall                 Tmut/Erth      10%        N/A       19%         2
 Freeze                   Ice            24%        1d5       26%         1
 Sandblast                Erth           8%         2d5       32%         1
 Poisonous Vapours        Pois/Air       16%        N/A       32%         2
 Corpse Rot               Necr/Air       8%         N/A       43%         2
 Ozocubu's Armour         Ice            6%         N/A       54%         3
 Swiftness                Air            4%         N/A       63%         3
 Animate Armour           Summ/Erth      Unusable   N/A       N/A         4

Dungeon Overview and Level Annotations

Branches:
Dungeon (6/15)             Temple (0/1) D:6

Altars:
Ashenzari
Hepliaklqana
Makhleb
Okawaru
Ru
Uskayaw
Xom
Yredelemnul
The Shining One

Shops:
D:2 :[?:(

Annotations:
D:5 Dowan, Duvessa
D:6 1 runed translucent door, Crazy Yiuf


Innate Abilities, Weirdness & Mutations

You are a venomous arachnid creature.
You have poisonous fangs.
You are tiny and dextrous.
Your spellcasting is less reliable in this form.
Your armour is entirely melded.
You are incapable of wielding weapons or throwing items.
You cannot wear most types of armour.
((You are amphibious.))
You can wear up to eight rings at the same time.
((Your skin changes colour to match your surroundings (Stealth+).))
((Your rubbery body absorbs attacks. (AC +1, EV +1)))
((You are camouflaged near water. (Stealth+)))
((You have tentacles for arms and can constrict up to eight enemies at once.))


Message History

You hear a shout!
The jelly hits you.
You are splashed with acid.
You bite the jelly!
You feel a bit better.
You kill the jelly!
The centaur shoots an arrow.
The arrow hits you.
You hit the ufetubus.
The ufetubus is poisoned.
The ufetubus is lightly wounded.
The ufetubus misses you. The ufetubus hits you.
Unknown command.
You hit the ufetubus.
You feel a bit better.
You kill the ufetubus!
The centaur shoots an arrow.
The arrow hits you!!
Your transformation is almost over.
The centaur unwields a +3 shortbow.
The centaur closely misses you. The centaur misses you.
An orc comes into view. It is wielding a +0 whip.
The bullfrog zombie completely misses you.
The centaur misses you. The centaur kicks you.
* * * LOW HITPOINT WARNING * * *
Items here: ( ) ††.
You completely miss the centaur.
You hear a shout!
The bullfrog zombie closely misses you. The centaur hits you.
* * * LOW HITPOINT WARNING * * *
The centaur misses you.
Unknown command.
You hit the centaur.
The centaur is lightly wounded.
The centaur completely misses you. The centaur kicks you.
* * * LOW HITPOINT WARNING * * *
The bullfrog zombie misses you.
Unknown command.
Unknown command.
It was a potion of degeneration.
There was something very wrong with that liquid.
You feel weakened.
You feel dopey.
You feel clumsy. The centaur misses you. The centaur kicks you.
* * * LOW HITPOINT WARNING * * *
The bullfrog zombie hits you.
You die...

#.# # #.# ###.#.#
....#.# ##### #...###
#.... ###.#.#...# #.###
..........# #.#
#.####.#.##########.#
#.#.##.#s#............#
...o..ZZc#..###########
.(.....###..# #.....#
#...# ##._.# #.....
...## ........ .#
#........ .......(..


You could see a centaur, an orc, a bullfrog zombie and a centaur zombie.

Vanquished Creatures
  An ice beast (D:5)
  An ogre (D:5)
  A centaur (D:6)
  A bullfrog (D:6)
  2 scorpions
  A wyvern skeleton (D:5)
  A howler monkey (D:4)
  3 hounds
  7 orc priests
  2 jellies
  3 iguanas
  An orc wizard (D:5)
  4 gnolls (D:4)
  A howler monkey skeleton (D:5)
  4 adders
  2 ufetubi
  An adder skeleton (D:3)
  3 worms
  4 dart slugs
  16 orcs
  5 bats
  7 endoplasms
  4 giant cockroaches
  8 goblins
  6 hobgoblins
  9 jackals
  4 quokkas
  12 ball pythons
  2 kobolds
  7 rats
123 creatures vanquished.

Notes
Turn   | Place    | Note
-------+----------+-------------------------------------------
     0 | D:1      | ytrimaz the Octopode Transmuter began the quest for the
                  | Orb.
     0 | D:1      | Reached XP level 1. HP: 13/13 MP: 3/3
   131 | D:1      | Reached XP level 2. HP: 18/18 MP: 3/5
   162 | D:1      | Found a faded altar of an unknown god.
   540 | D:1      | Reached XP level 3. HP: 17/23 MP: 3/6
   543 | D:1      | Learned a level 2 spell: Wereblood
   547 | D:1      | Learned a level 3 spell: Spider Form
   687 | D:1      | Got the Catalogue of Ash
  1497 | D:2      | Found Waehoycw's Book Shop.
  1598 | D:2      | Found Bedublif's Weapon Shop.
  1645 | D:2      | Reached XP level 4. HP: 28/28 MP: 5/7
  1734 | D:2      | Found Jibel's Book Emporium.
  1885 | D:2      | Found Qidghopn's Magic Scroll Emporium.
  1938 | D:2      | Found Hozyngiv's Antique Armour Boutique.
  2983 | D:3      | Reached XP level 5. HP: 34/34 MP: 5/9
  3964 | D:4      | Reached XP level 6. HP: 29/39 MP: 3/11
  4114 | D:4      | Found a hazy altar of Hepliaklqana.
  4116 | D:4      | Found a burning altar of Makhleb.
  4121 | D:4      | Found an iron altar of Okawaru.
  4121 | D:4      | Found a hide-covered altar of Uskayaw.
  4121 | D:4      | Found a broken altar of Ashenzari.
  4122 | D:4      | Found a glowing golden altar of the Shining One.
  4124 | D:4      | Found a shimmering altar of Xom.
  4126 | D:4      | Found a sacrificial altar of Ru.
  4129 | D:4      | Became a worshipper of Ashenzari the Shackled
  4168 | D:4      | Reached skill level 1 in Poison Magic
  5385 | D:5      | Entered Level 5 of the Dungeon
  5419 | D:5      | Reached XP level 7. HP: 45/45 MP: 6/13
  5589 | D:5      | Learned a level 4 spell: Ice Form
  5847 | D:5      | Reached skill level 5 in Unarmed Combat
  6061 | D:5      | HP: 2/45 [wyvern skeleton (3)]
  6763 | D:5      | Reached XP level 8. HP: 28/52 MP: 6/15
  7171 | D:5      | Noticed Duvessa
  7171 | D:5      | Noticed Dowan
  7408 | D:6      | Reached skill level 5 in Spellcasting
  7526 | D:6      | Found a staircase to the Ecumenical Temple.
  7582 | D:6      | Found a runed translucent door.
  7583 | D:6      | Noticed Crazy Yiuf
  7642 | D:6      | Found a basalt altar of Yredelemnul.
  7649 | D:6      | Reached skill level 5 in Transmutations
  7660 | D:6      | Slain by a bullfrog zombie

Illustrated notes

Levels and vault maps discovered:
D:1:      sevenhm_arrival_forest_fort_small_1, layout_loops_corners,
          shapermc_ecumenical_altar_starsandcircs, minmay_tall_x
D:2:      layout_loops_cross, serial_shops, nicolae_shop_hallway_stairs,
          nicolae_shop_bloodbath_and_beyond, nicolae_shop_advertising_works
          [nicolae_subvault_shop_adworks], nicolae_shop_crystal, shop,
          serial_bayou_pond_e
D:3:      layout_basic
D:4:      layout_loops_corners, minitemple, chequers_serial_rivers_small_a,
          minmay_misc_feat_rows
D:5:      minmay_clustersquares, layout_basic, small_statue_intersection,
          uniq_duvessa
D:6:      layout_loops_ring, minmay_temple_entry_arrows, minmay_ruined_shrine,
          uniq_crazy_yiuf_cottage

Skill      XL: |  1  2  3  4  5  6  7  8 |
---------------+-------------------------+-----
Spellcasting   | 3 4 5 |  5.3
Transmutations | 3 4 5 |  5.1
Unarmed Combat | 4 5 |  5.8
Fighting       | 2 3 |  3.5
Poison Magic   | 1 2 |  2.0
Dodging        | |  2.0
Ice Magic      | |  0.4

Action                   |  1- 3 |  4- 6 |  7- 9 || total
-------------------------+-------+-------+-------++-------
Melee: Unarmed           |    68 |   142 |   108 ||   318
       Constrict         |    19 |    18 |     9 ||    46
       Kick              |    16 |    14 |     5 ||    35
       Tentacles         |    11 |    16 |     6 ||    33
       Punch             |       |     1 |       ||     1
 Cast: Beastly Appendage |    25 |    19 |     9 ||    53
       Spider Form       |       |     8 |    10 ||    18
       Wereblood         |       |     3 |     2 ||     5
       Ice Form          |       |       |     1 ||     1
Invok: Curse Item        |       |     1 |       ||     1
  Use: Scroll            |     3 |     7 |     3 ||    13
       Potion            |       |     1 |     1 ||     2
 Stab: Sleeping          |     7 |     2 |     2 ||    11
Armor: Skin              |     8 |    13 |     7 ||    28
Dodge: Dodged            |    47 |   121 |    78 ||   246

Table legend: (Time is in decaauts)
 A = Elapsed time spent in this place.
 B = Non-inter-level travel time spent in this place.
 C = Inter-level travel time spent in this place.
 D = Time resting spent in this place.
 E = Time spent auto-exploring this place.
 F = Levels seen in this place.
 G = Mean time per level.
                   A        B        C        D        E       F      G
               +--------+--------+--------+--------+--------+-----+--------+
         Total |   7638 |   7529 |    109 |   1354 |   4983 |   6 | 1273.0 |
       Dungeon |   7638 |   7529 |    109 |   1354 |   4983 |   6 | 1273.0 |
               +--------+--------+--------+--------+--------+-----+--------+

Top non-repeatable levels by time:
     D:4: 2031 daAuts
     D:2: 1524 daAuts
     D:5: 1371 daAuts
     D:1: 1306 daAuts
     D:3: 987 daAuts
     D:6: 417 daAuts
